 Dungeon Crawl Stone Soup version 0.19.1-1-g22dce08 (webtiles) character file.

1447 ponk the Covert (level 8, 0/50 HPs)
             Began as an Octopode Assassin on Jan 11, 2017.
             Was a Follower of Dithmenos.
             Slain by a centaur zombie (5 damage)
             ... on level 7 of the Dungeon.
             The game lasted 00:25:24 (6145 turns).

ponk the Covert (Octopode Assassin)                 Turns: 6145, Time: 00:25:25

Health: 0/50       AC:  1    Str: 10    XL:     8   Next: 75%
Magic:  8/8        EV: 13    Int: 18    God:    Dithmenos [*.....]
Gold:   164        SH:  0    Dex: 18    Spells: 0 memorised, 7 levels left

rFire  . . .     SeeInvis +     h - +1 dagger (venom)
rCold  . . .     Gourm    .     (no shield)
rNeg   . . .     Faith    .     (helmet restricted)
rPois  .         Spirit   .     (no amulet)
rElec  .         Reflect  .     e - +4 ring of intelligence
rCorr  .         Harm     .     i - ring of see invisible
MR     .....                    v - ring of stealth
Stlth  +++++++++.               B - +3 ring of dexterity
                                (no ring)
                                (no ring)
                                (no ring)
                                (no ring)

@: lethally poisoned (0 -> -3), very slightly contaminated, wreathed by umbra
A: almost no armour, stealthy swim, amphibious, 8 rings, constrict 8, camouflage
1, deterioration 1, gelatinous body 1
a: Renounce Religion


You were on level 7 of the Dungeon.
You worshipped Dithmenos.
Dithmenos was aware of your devotion.
You were not hungry.

You visited 2 branches of the dungeon, and saw 8 of its levels.

You collected 352 gold pieces.
You spent 188 gold pieces at shops.

Inventory:

Hand Weapons
 a - a +2 dagger
 b - a +0 blowgun
 h - a +1 dagger of venom (weapon)
 t - a +1 spear of distortion
Missiles
 c - 17 poisoned needles
 d - 2 curare-tipped needles
 H - 2 needles of confusion
Jewellery
 e - a +4 ring of intelligence (left tentacle)
 i - a ring of see invisible (right tentacle)
 v - a ring of stealth (on tentacle)
 B - a +3 ring of dexterity (on tentacle)
Wands
 u - a wand of paralysis (24/24)
 I - a wand of slowing (28/48)
 J - a wand of iceblast (8/15)
Scrolls
 n - a scroll of amnesia
 o - 3 scrolls of teleportation
 q - 2 scrolls of recharging
 r - a scroll of fog
 x - 2 scrolls of remove curse
 y - a scroll of vulnerability {unknown}
 D - 2 scrolls of identify
 E - a scroll of enchant weapon {unknown}
Potions
 k - a potion of heal wounds
 l - 3 potions of brilliance
 m - a potion of magic
 p - a potion of cure mutation
 s - 2 potions of haste
 A - a potion of agility
 C - 2 potions of curing
Books
 G - a book of Flames

   Spells                             Type                      Level
   a - Flame Tongue                   Conjuration/Fire             1
   b - Throw Flame                    Conjuration/Fire             2
   c - Conjure Flame                  Conjuration/Fire             3
   d - Inner Flame                    Hexes/Fire                   3
   e - Sticky Flame                   Conjuration/Fire             4
   f - Fireball                       Conjuration/Fire             5
   Dithmenos disapproves of the use of such an item.
Comestibles
 f - 4 bread rations
 g - a royal jelly
 j - 5 meat rations
 w - 3 slices of pizza
 z - 3 beef jerkies
 F - 8 chunks of flesh


   Skills:
 - Level 2.0 Fighting
 - Level 2.0 Short Blades
 - Level 2.0 Throwing
 - Level 1.2 Dodging
 + Level 14.8 Stealth


You had 7 spell levels left.
You didn't know any spells.

Dungeon Overview and Level Annotations

Branches:
Dungeon (7/15)             Temple (1/1) D:5

Altars:
Ashenzari
Cheibriados
Dithmenos
Elyvilon
Fedhas
Gozag
Hepliaklqana
Kikubaaqudgha
Makhleb
Nemelex Xobeh
Okawaru
Qazlal
Ru
Sif Muna
Trog
Uskayaw
Vehumet
Xom
Yredelemnul
Zin
The Shining One

Shops:
D:4 *   D:6 *=


Innate Abilities, Weirdness & Mutations

You cannot wear most types of armour.
You are very stealthy in the water. (Stealth+)
You are amphibious.
You can wear up to eight rings at the same time.
You can use your tentacles to constrict eight enemies at once.
Your skin changes colour to match your surroundings (Stealth+).
Your rubbery body absorbs attacks. (AC +1, EV +1)
Your body sometimes deteriorates upon taking damage.


Message History

The centaur zombie is severely damaged.
The centaur zombie hits you.
You hit the centaur zombie but do no damage.
You squeeze the centaur zombie.
The centaur zombie is almost destroyed.
The worker ant bites you!
* * * LOW HITPOINT WARNING * * *
The centaur zombie hits you.
* * * LOW HITPOINT WARNING * * *
The worker ant bites you.
* * * LOW HITPOINT WARNING * * *
You are poisoned.
The worker ant poisons you!
You feel sick. The centaur zombie barely misses you.
You feel sick. The centaur zombie closely misses you.
The adder hisses angrily.
You feel sick. The centaur zombie hits you.
You die...

### ### #.. ..# #.# #.# #.###
###.##### #... .......# #
###.##########.##..######
#.##...a.SZ@.........#..>...
#...#..#####.####.##..>####.
.......###.#####.# #.###.####..
......# ##......####.# #.......
.##....###......>.....########..
#.. .#..####.#####......####.
#.. #.#.# #.## ######...... #.
#.#.###.#.#########..###. #.
#...#..###......... #.


You could see a worker ant, an adder and a centaur zombie.

Vanquished Creatures
  2 humans (D:7)
  3 ogres
  A centaur (D:7)
  2 scorpions (D:4)
  A centaur zombie (D:7)
  3 hounds
  A jelly (D:6)
  2 orc priests
  3 iguanas (D:6)
  4 orc wizards
  5 worker ants
  2 hound zombies
  A hound skeleton (D:4)
  5 adders
  2 gnolls (D:1)
  A shadow imp (D:5)
  3 oozes
  An adder skeleton (D:6)
  2 leopard geckos
  13 orcs
  4 giant cockroaches
  4 goblins (D:3)
  7 hobgoblins
  10 jackals
  11 kobolds
  3 quokkas
  5 ball pythons
  A ball python skeleton (D:4)
  7 bats
  3 frilled lizards
  A quokka skeleton (D:4)
  A rat (D:2)
114 creatures vanquished.

Notes
Turn   | Place    | Note
-------+----------+-------------------------------------------
     0 | D:1      | ponk the Octopode Assassin began the quest for the Orb.
     0 | D:1      | Reached XP level 1. HP: 14/14 MP: 1/1
   191 | D:1      | Reached XP level 2. HP: 18/19 MP: 2/2
   205 | D:1      | Reached skill level 6 in Stealth
   292 | D:1      | Reached XP level 3. HP: 5/24 MP: 3/3
  1063 | D:2      | Reached skill level 7 in Stealth
  1203 | D:2      | Reached XP level 4. HP: 29/29 MP: 4/4
  1561 | D:3      | Found a bloodstained altar of Trog.
  1561 | D:3      | Found a shimmering altar of Xom.
  1702 | D:3      | Reached skill level 8 in Stealth
  1915 | D:3      | You fall through a shaft!
  1920 | D:4      | Found a stormy altar of Qazlal.
  1930 | D:4      | Noticed an ogre
  2027 | D:3      | Killed an ogre
  2027 | D:3      | Reached skill level 9 in Stealth
  2027 | D:3      | Reached XP level 5. HP: 28/34 MP: 5/5
  2250 | D:3      | Reached XP level 6. HP: 32/39 MP: 6/6
  2408 | D:4      | Reached skill level 10 in Stealth
  2626 | D:4      | Found Retas's Assorted Antiques.
  3021 | D:4      | Reached skill level 11 in Stealth
  3021 | D:4      | Reached XP level 7. HP: 40/45 MP: 7/7
  3156 | D:5      | Entered Level 5 of the Dungeon
  3262 | D:5      | Found a staircase to the Ecumenical Temple.
  3282 | Temple   | Entered the Ecumenical Temple
  3423 | Temple   | Became a worshipper of Dithmenos the Shadowed
  3871 | D:5      | Gained mutation: Your body sometimes deteriorates upon taking damage. [mutagenic glow]
  4115 | D:5      | Reached skill level 12 in Stealth
  4173 | D:5      | Found a hide-covered altar of Uskayaw.
  4174 | D:5      | Found a burning altar of Makhleb.
  4177 | D:5      | Found a snail-covered altar of Cheibriados.
  4178 | D:5      | Found a sacrificial altar of Ru.
  4179 | D:5      | Found an opulent altar of Gozag.
  4179 | D:5      | Found a sparkling altar of Nemelex Xobeh.
  4181 | D:5      | Found an ancient bone altar of Kikubaaqudgha.
  4181 | D:5      | Found an iron altar of Okawaru.
  4463 | D:6      | Found Orreroin's Jewellery Boutique.
  4466 | D:6      | Bought a +3 ring of dexterity for 188 gold pieces
  4527 | D:6      | Found a hazy altar of Hepliaklqana.
  4643 | D:6      | Found an opulent altar of Gozag.
  4647 | D:6      | Found Gozag's Platinum Reserve.
  5209 | D:6      | Reached skill level 13 in Stealth
  5209 | D:6      | Reached XP level 8. HP: 50/50 MP: 8/8
  5594 | D:7      | Reached * piety under Dithmenos
  6013 | D:7      | Reached skill level 14 in Stealth
  6145 | D:7      | Slain by a centaur zombie

Skill      XL: |  1  2  3  4  5  6  7  8 |
---------------+-------------------------+-----
Stealth        | 6 7 9 11 13 14 | 14.8
Fighting       | |  2.0
Short Blades   | |  2.0
Throwing       | |  2.0
Dodging        | |  1.2

Action                   |  1- 3 |  4- 6 |  7- 9 || total
-------------------------+-------+-------+-------++-------
Melee: Dagger            |    54 |    90 |   104 ||   248
       Constrict         |    11 |    24 |    20 ||    55
       Tentacles         |     5 |    18 |    22 ||    45
 Fire: Blowgun           |       |     6 |       ||     6
  Use: Scroll            |     1 |    10 |     3 ||    14
       Potion            |       |       |     2 ||     2
 Stab: Sleeping          |     7 |    13 |    16 ||    36
       Distracted        |       |     1 |     1 ||     2
  Eat: Chunk             |     1 |     5 |     7 ||    13
       Bread ration      |       |       |     1 ||     1
Armor: Skin              |     4 |     7 |     2 ||    13
Dodge: Dodged            |    31 |    47 |    60 ||   138
